 Dungeon Crawl Stone Soup version 0.30-a0-371-gad7725a93e (webtiles) character file.

Game seed: 11929064154098633020

708 mopl the Sneak (level 7, 0/32 HPs)
             Began as a Vine Stalker Enchanter on Nov 21, 2022.
             Killed from afar by a steam dragon (16 damage)
             ... with a ball of steam
             ... on level 5 of the Dungeon.
             The game lasted 00:06:19 (3073 turns).

mopl the Sneak (Vine Stalker Enchanter)             Turns: 3073, Time: 00:06:21

Health: 0/32       AC:  3    Str: 10    XL:     7   Next: 67%
Magic:  0/14       EV: 12    Int: 17    God:
Gold:   248        SH:  0    Dex: 15    Spells: 4/14 levels left

rFire   . . .      SeeInvis .    a - +1 dagger (drain)
rCold   . . .      Faith    .    (no shield)
rNeg    . . .      Spirit   +    b - +0 robe
rPois   .          Reflect  .    (no helmet)
rElec   .          Harm     .    s - +0 cloak
rCorr   .          Rampage  .    (no gloves)
Will    .....                    (no boots)
Stlth   +++.......               D - amulet of regeneration
HPRegen 1.85/turn                (no ring)
MPRegen 0.14/turn                (no ring)

@: very slightly contaminated, invisible
A: fangs 2, regeneration 1, magic shield, antimagic bite, no potion heal 2
a: no special abilities


You were on level 5 of the Dungeon.
You visited 1 branch of the dungeon, and saw 6 of its levels.

You collected 248 gold pieces.

Inventory:

Hand Weapons
 a - a +1 dagger of draining (weapon)
Missiles
 i - 14 poisoned darts (quivered)
 u - 9 boomerangs
 E - 2 throwing nets
Armour
 b - a +0 robe (worn)
 s - a +0 cloak (worn)
 v - a +0 buckler
 G - +0 steam dragon scales
Jewellery
 B - a ring of ice
 D - an amulet of regeneration (around neck)
Scrolls
 e - a scroll of summoning {unknown}
 g - a scroll of amnesia {unknown}
 j - a scroll of enchant armour {unknown}
 l - a scroll of poison {unknown}
 m - 2 scrolls of fear {unknown}
 o - 2 scrolls of enchant weapon {unknown}
 r - 2 scrolls of noise {unknown}
 t - a scroll of blinking {unknown}
 w - 2 scrolls of magic mapping {unknown}
 x - 2 scrolls of teleportation {unknown}
 y - 2 scrolls of immolation {unknown}
 C - 2 scrolls of identify
 F - a scroll of acquirement {unknown}
Potions
 c - 2 potions of invisibility
 d - a potion of might
 f - 5 potions of curing
 h - 2 potions of flight {unknown}
 k - a potion of haste
 n - 3 potions of mutation {!q}
 p - 2 potions of resistance
 q - 3 potions of brilliance
 z - a potion of magic
 A - a potion of ambrosia


   Skills:
 + Level 3.1 Short Blades
 - Level 1.5 Dodging
 + Level 5.7 Stealth
 + Level 4.0 Spellcasting
 + Level 2.3 Conjurations
 + Level 4.5 Hexes
 + Level 3.1 Ice Magic


You had 4 spell levels left.
You knew the following spells:

 Your Spells              Type           Power      Damage    Failure   Level
a - Dazzling Flash        Conj/Hex       30%        N/A       12%         3
b - Ensorcelled Hibernat  Hex/Ice        32%        N/A       4%          2
d - Tukima's Dance        Hex            18%        N/A       7%          3
p - Passwall              Tmut/Erth      2%         N/A       24%         2

Your spell library contained the following spells:

 Spells                   Type           Power      Damage    Failure   Level
 Freeze                   Ice            52%        1d6       4%          1
 Confusing Touch          Hex            18%        N/A       7%          3
 Frozen Ramparts          Ice            26%        1d4       13%         3
 Necrotise                Necr           12%        1d4       16%         1
 Sandblast                Erth           6%         2d5       16%         1
 Hailstorm                Conj/Ice       12%        3d5       16%         3
 Sublimation of Blood     Necr           3%         N/A       24%         2
 Stone Arrow              Conj/Erth      14%        3d7       28%         3
 Ignite Poison            Fire/Tmut/Pois 3%         N/A       43%         3
 Vampiric Draining        Necr           3%         2d6       43%         3
 Sticky Flame             Conj/Fire      7%         2d3       67%         4
 Petrify                  Tmut/Erth      3%         N/A       83%         4
 Irradiate                Conj/Tmut      3%         3d12      95%         5
 Agony                    Necr           3%         N/A       99%         5
 Ignition                 Fire           1%         3d3       100%        8


Dungeon Overview and Level Annotations

Branches:
Dungeon (6/15)
 Temple: D:4-7

Altars:
Ru

Annotations:
D:4 Menkaure
D:5 Sigmund


Innate Abilities, Weirdness & Mutations

You have extremely sharp teeth.
Your natural rate of healing is unusually fast.
When hurt, damage is shared between your health and your magic reserves.
Your bite disrupts and absorbs the magic of your enemies.
Potions cannot restore your health.


Message History

The steam dragon resists with some effort.
Casting: Ensorcelled Hibernation (safe; 4% risk of failure)
Confirm with . or Enter, or press ? or * to list all spells.
Aiming: Ensorcelled Hibernation (safe; 4% risk of failure)
Press: ? - help, Shift-Dir - straight line, f/p - steam dragon
Aim: a steam dragon (chance to affect: 50%)
The steam dragon resists with some effort.
The steam dragon breathes steam at you. The ball of steam hits you!
You are engulfed in a cloud of scalding steam.
The fungus is engulfed in a cloud of scalding steam.
The fungus begins to die.
The fungus is engulfed in a cloud of scalding steam.
The fungus begins to die.
You are engulfed in a cloud of scalding steam.
The fungus is engulfed in a cloud of scalding steam.
The fungus begins to die.
The fungus is engulfed in a cloud of scalding steam.
Casting: Ensorcelled Hibernation (safe; 4% risk of failure)
Confirm with . or Enter, or press ? or * to list all spells.
Aiming: Ensorcelled Hibernation (safe; 4% risk of failure)
Press: ? - help, Shift-Dir - straight line, f/p - steam dragon
Aim: a steam dragon (chance to affect: 50%)
The steam dragon resists with some effort.
You are engulfed in a cloud of scalding steam.
The fungus is engulfed in a cloud of scalding steam. x3
The fungus begins to die.
You aren't carrying any items that you can evoke.
You fade into invisibility!
The fungus is engulfed in a cloud of scalding steam.
A nearby fungus withers and dies.
The fungus is engulfed in a cloud of scalding steam.
The fungus begins to die.
You hit the steam dragon. You drain the steam dragon.
The steam dragon is lightly wounded.
A nearby fungus withers and dies. x2
The steam dragon breathes steam at you. The ball of steam hits you!
Ouch! That really hurt!
You die...

#~.~###...#.........
#~..###....#........
#P..#...............
#..~#.............#.
##..#............###
#..#...#...#.....#
#..##...<.#..#...#
#...#....##..#.....
#~@~#..............
#PD.#..###.........
#^.~#.. ..........
#~†.#.. ......
#~.~##. .###
#P~.P.#. # #..~.^P##
#^P.....^ #~.....~P#


You could see a steam dragon (unable to see you, catching breath, drained).

Vanquished Creatures
  A steam dragon (D:5)
  A centaur (D:6)
  A necrophage (D:6)
  A scorpion (D:6)
  2 orc priests
  A hound (D:6)
  2 iguanas (D:6)
  2 orc wizards (D:6)
  A gnoll (D:1)
  6 adders
  A white imp (D:6)
  2 ufetubi
  3 worms
  4 dart slugs
  9 orcs
  8 endoplasms
  5 giant cockroaches
  7 hobgoblins
  3 jackals
  3 quokkas
  6 ball pythons
  7 bats
  3 frilled lizards
  4 goblins
  10 kobolds
  3 rats
96 creatures vanquished.

Vanquished Creatures (others)
  A jackal (D:2)
  4 fungi (D:5)
  12 plants (D:4)
17 creatures vanquished.

Grand Total: 113 creatures vanquished

Notes
Turn   | Place    | Note
-------+----------+-------------------------------------------
     0 | D:1      | mopl the Vine Stalker Enchanter began the quest for the
                  | Orb.
     0 | D:1      | Reached XP level 1. HP: 9/9 MP: 4/4
    40 | D:1      | Reached skill level 1 in Short Blades
    78 | D:1      | Reached XP level 2. HP: 10/13 MP: 6/6
    88 | D:1      | Learned a level 2 spell: Ensorcelled Hibernation
   275 | D:1      | Reached skill level 4 in Stealth
   290 | D:1      | Learned a level 2 spell: Passwall
   292 | D:1      | Reached XP level 3. HP: 16/16 MP: 7/7
   302 | D:1      | Learned a level 3 spell: Tukima's Dance
   859 | D:2      | Reached skill level 1 in Ice Magic
   869 | D:2      | Gained mutation: Your natural rate of healing is unusually
                  | fast. [Vine Stalker growth]
   869 | D:2      | Reached XP level 4. HP: 14/21 MP: 7/9
  1549 | D:2      | Reached skill level 3 in Spellcasting
  1753 | D:3      | Reached XP level 5. HP: 24/24 MP: 8/10
  1810 | D:3      | Learned a level 3 spell: Dazzling Flash
  1836 | D:3      | Reached skill level 2 in Short Blades
  2286 | D:3      | Found a sacrificial altar of Ru.
  2495 | D:4      | Reached skill level 2 in Ice Magic
  2501 | D:4      | Noticed Menkaure
  2503 | D:5      | Entered Level 5 of the Dungeon
  2620 | D:5      | Noticed Sigmund
  2621 | D:5      | Noticed a water moccasin
  2634 | D:6      | Noticed a centaur
  2640 | D:6      | Reached skill level 1 in Conjurations
  2640 | D:6      | Reached XP level 6. HP: 20/28 MP: 8/11
  2651 | D:6      | Reached skill level 5 in Stealth
  2651 | D:6      | Reached skill level 4 in Hexes
  2839 | D:6      | Reached XP level 7. HP: 16/32 MP: 3/13
  2937 | D:6      | Reached skill level 2 in Conjurations
  3054 | D:5      | Noticed a steam dragon
  3055 | D:5      | Noticed a steam dragon
  3062 | D:5      | Killed a steam dragon
  3063 | D:5      | Reached skill level 3 in Short Blades
  3063 | D:5      | Reached skill level 4 in Spellcasting
  3063 | D:5      | Reached skill level 3 in Ice Magic
  3073 | D:5      | Killed from afar by a steam dragon

Illustrated notes

Levels and vault maps discovered:
D:1:      erik_arrival_cave_to_civilisation [erik_arrival_cave_to_hall],
          layout_rooms
D:2:      minmay_chambers_of_twos, layout_basic, minmay_vboxes
D:3:      layout_loops_ring, nicolae_ru_great_annihilating_truth
D:4:      layout_rooms, ashenzari_altar_1, slow_altar_2, serial_bayou,
          serial_bayou_shore_a, serial_bayou_lagoon_a, serial_bayou_pond_c,
          serial_bayou_crossing, uniq_menkaure, uniq_ijyb
D:5:      kennysheep_steamy, layout_layer_cave, mainiacjoe_overflow_catwalk,
          uniq_sigmund
D:6:      layout_cave_pools

Skill      XL: |  1  2  3  4  5  6  7 |
---------------+----------------------+-----
Short Blades   | 1 2 3 |  3.1
Stealth        | 4 5 |  5.7
Ice Magic      | 1 2 3 |  3.1
Spellcasting   | 3 4 |  4.0
Conjurations   | 1 2 |  2.3
Hexes          | 4 |  4.5
Dodging        | |  1.5

Action                   |  1- 3 |  4- 6 |  7- 9 || total
-------------------------+-------+-------+-------++-------
Melee: Dagger            |    91 |   207 |    43 ||   341
       Bite              |    23 |    61 |    13 ||    97
       Punch             |     1 |     1 |     1 ||     3
Throw: Dart              |     2 |       |       ||     2
 Cast: Ensorcelled Hiber |     1 |     4 |     6 ||    11
  Use: Scroll            |       |     9 |       ||     9
       Potion            |       |       |     1 ||     1
 Stab: Sleeping          |     8 |    17 |     2 ||    27
Armor: Robe              |    11 |    44 |     8 ||    63
Dodge: Dodged            |    49 |   128 |    14 ||   191

Table legend: (Time is in decaauts)
 A = Elapsed time spent in this place.
 B = Non-inter-level travel time spent in this place.
 C = Inter-level travel time spent in this place.
 D = Time resting spent in this place.
 E = Time spent auto-exploring this place.
 F = Levels seen in this place.
 G = Mean time per level.
                   A        B        C        D        E       F      G
               +--------+--------+--------+--------+--------+-----+--------+
         Total |   3039 |   2819 |    220 |    186 |   1701 |   6 |  506.5 |
       Dungeon |   3039 |   2819 |    220 |    186 |   1701 |   6 |  506.5 |
               +--------+--------+--------+--------+--------+-----+--------+

Top non-repeatable levels by time:
     D:2: 906 daAuts
     D:3: 745 daAuts
     D:1: 732 daAuts
     D:6: 361 daAuts
     D:5: 186 daAuts
     D:4: 105 daAuts
